← All builds
Beach sea / Cortex / Economy first / OBSERVED BUILD

Standard beach sea

Cortex Beach sea build order · Supreme Isthmus

The role's usual play: com goes to sea to build a shipyard around 2 minutes, pumping frigates and destroyers to contest enemy sea entry or hold vision, with an advanced metal extractor around 10 minutes as the transition into the team's…

Usually shipyard first (93%)

#naval #eco · 1591 distinct matches · 207 players · 84% of Cortex Beach sea games · team won 55% of 1795 · Recently observed

HOW TO PLAY IT

Key timing: Shipyard by 1:56

  1. Open 3 mex, then send com to sea to build Shipyard by 1:56.
  2. Add tidal generators, wind and more mex to fund the shipyard.
  3. Pump Riptide first, then Oppressor to contest enemy sea entry.
  4. Get T2 constructor out to start scaling the naval economy.
  5. Transition into Advanced Metal Extractor as the economy phase begins.

Phase by phase

TYPICAL OF ITS 1591 GAMES
  1. 1
  2. 2
  3. 3
PLAY THE OPENING

Follow the example game's first 6:00 step by step: what to build now, what comes next, and where it goes. At 1× it keeps pace with your own game.

  1. 1

    Up to the Shipyard

    Economy
    • Metal Extractor3Mex
    • Wind Turbine3Windfor allies
    • Wind Turbine2Wind
    • Energy Storage1Energy storage
    Order
    1. ShipyardShipyard after 3 mex, 2 wind, 1 energy storagedone ~1:56, middle half 1:43–2:07

    Some games also: Guard (30%)

    By 1:39 in all: 3 mex · 2 wind · 1 energy storage

    The example game in this phase · 6 steps
    1. Mex ×2
    2. Wind ×2for Air
    3. Wind ×2
    4. Energy storage
    5. Mex
    6. ShipyardShipyarddone 1:50 · typical 1:56
  2. 2

    Shipyard to 5:00

    Economy
    • Metal Extractor5Mex
    • Tidal Generator2Tidal
    Builders
    • Construction Ship2 Con ship
    Army
    • Riptide2 Frigate
    • Herring1 Missile corvette
    • Oppressor1 Destroyer
    Other
    • Naval Radar / Sonar Tower1 Naval Radar / Sonar Tower

    Some games also: Urchin (46%) · mex (38%) · wind (37%) · submarine (36%) · wind (36%)

    By 5:00 in all: 8 mex · 3 wind · 2 tidal · 1 energy storage

    The example game in this phase · 30 steps
    1. Tidal
    2. SupporterGunboat ×2
    3. Construction ShipCon ship ×2
    4. Death CavalryDeath Cavalry
    5. Tidal
    6. Mex ×2
    7. Tidal ×2
    8. Wind
    9. Mex
    10. Wind
    11. Mex
    12. RiptideFrigatedone 3:53 · typical 3:50
    13. Wind ×2
    14. Radar TowerRadar Tower
    15. Wind ×2
    16. Naval Radar / Sonar TowerNaval Radar / Sonar Tower
    17. UrchinUrchin
    18. Converter ×2
    19. HerringMissile corvette
    20. Wind
    21. Naval Construction Turret
    22. Converter
    23. OppressorDestroyernot finished by 15:00 · typical 5:14
    24. Converter
    25. Wind
    26. RiptideFrigate
    27. Converter ×2
    28. Wind
    29. OppressorDestroyer
    30. Wind
  3. 3

    5:00 to 10:00

    Economy
    • Metal Extractor1Mex
    • Wind Turbine8Wind
    Builders
    • Construction Ship1 Con ship
    • Death Cavalry1 Death Cavalry
    Army
    • Urchin1 Urchin
    • Riptide5 Frigate
    • Oppressor2 Destroyer
    • Herring2 Missile corvette
    Other
    • Naval Radar / Sonar Tower1 Naval Radar / Sonar Tower

    Some games also: Naval Construction Turret (49%) · Guard (47%) · tidal (39%) · Radar Tower (39%) · wind (34%)

    By 10:00 in all: 9 mex · 10 wind · 4 wind · 4 tidal · 1 energy storage · 1 Naval Construction Turret

    The example game in this phase · 76 steps
    1. Naval Construction Turret
    2. Wind
    3. HerringMissile corvette
    4. Wind
    5. RiptideFrigate
    6. Naval Radar / Sonar TowerNaval Radar / Sonar Tower
    7. Wind
    8. RiptideFrigate
    9. UrchinUrchin
    10. Wind
    11. RiptideFrigate
    12. Construction ShipCon ship
    13. Death CavalryDeath Cavalry
    14. RiptideFrigate
    15. UrchinUrchin
    16. Con turret
    17. Mex
    18. RiptideFrigate
    19. UrchinUrchin
    20. OppressorDestroyer
    21. UrchinUrchin ×2
    22. Naval Radar / Sonar TowerNaval Radar / Sonar Tower
    23. OppressorDestroyer
    24. UrchinUrchin
    25. Construction ShipCon ship
    26. Advanced Metal ExtractorT2 mexdone 10:34 · typical 9:58
    27. Construction ShipCon ship
    28. Wind
    29. Naval Radar / Sonar TowerNaval Radar / Sonar Tower ×2
    30. Wind
    31. Mex
    32. Advanced Metal ExtractorT2 mex
    33. Wind
    34. RiptideFrigate
    35. UrchinUrchin
    36. Wind
    37. Mex
    38. UrchinUrchin
    39. RiptideFrigate
    40. Wind
    41. RiptideFrigate
    42. Wind
    43. Advanced Metal ExtractorT2 mex
    44. Wind
    45. RiptideFrigate
    46. Wind
    47. RiptideFrigate
    48. OppressorDestroyer
    49. Wind
    50. Naval Construction Turret
    51. Wind ×3
    52. Naval Construction Turret
    53. Wind
    54. Tidal
    55. Wind
    56. OppressorDestroyer
    57. Tidal ×2
    58. RiptideFrigate
    59. Tidal
    60. RiptideFrigate
    61. Tidal
    62. RiptideFrigate
    63. Tidal
    64. Naval Radar / Sonar TowerNaval Radar / Sonar Tower
    65. RiptideFrigate
    66. Advanced Metal ExtractorT2 mex
    67. Tidal
    68. Mex
    69. RiptideFrigate
    70. Tidal
    71. RiptideFrigate
    72. UrchinUrchin
    73. Tidal
    74. RiptideFrigate
    75. Tidal
    76. RiptideFrigate ×6

Counts are medians over the build's games: half of them build more, half fewer. The example game is optimusprime3000's (32 OS, 02/10/2026); pick another.

Team trades

IN AT LEAST 30% OF ITS GAMES

You hand over

  • Wind Turbine3 Wind to Airfirst at 1:46 · in 77% of games

You get

  • Finch1 Finch from Airfirst at 2:00 · in 80% of games
  • Lazarus1 Lazarus from Geofirst at 2:13 · in 63% of games
  • Hephaestus1 Heavy transport from Airfirst at 2:16 · in 64% of games
  • Construction Bot1 Con bot from Geofirst at 2:26 · in 70% of games
  • Hercules1 Light transport from Airfirst at 2:34 · in 32% of games
  • Advanced Construction Bot1 T2 con bot from Techfirst at 8:08 · in 89% of games

How it plays out

Typical game of this build, running totals by minute

Metal produced

010k20k30k
0:005:0010:0015:00

metal

Enemy metal destroyed

05k10k
0:005:0010:0015:00

metal

Own metal lost

02.5k5k7.5k
0:005:0010:0015:00

metal

1795 games.

Show as table
ByMetal produced: This buildEnemy metal destroyed: This buildOwn metal lost: This build
1:0040300
2:0093700
3:00155300
4:002540051
5:003717176101
6:005049487280
7:006492975592
8:00807016651001
9:00967926141532
10:001153637242325
11:001368547443105
12:001625058553871
13:001895168784629
14:002167379245680
15:002456588566501
WHAT THE NUMBERS SAY

Standard Beach sea play has the lowest team win rate of these builds and destroys far less enemy metal early than it loses eco time.

  • + Metal produced climbs to 24945 by 15:00, the highest of all six roles.
  • + Riptide and Oppressor together make 63% of army, a focused naval composition.
  • − Enemy metal destroyed is only 200 by 5:00, barely contesting early sea.
  • − T2 factory only reached in 35% of games, behind other roles' T2 timing.
THE EXAMPLE YOU ARE READING

optimusprime3000

31.6 OS · 02/10/2026

Open source match ↗

5 received units · includes a constructor
484 metal received · 65283 energy received

Allied construction assistance is unknown. Timings are observations, not a promise of solo reproducibility.

Typical milestones

Shipyard1:56Middle 50%: 1:43–2:07 · n=1792
Riptide3:50Middle 50%: 3:12–4:34 · n=1749
Oppressor5:14Middle 50%: 4:29–6:06 · n=1728
Advanced Metal Extractor9:58Middle 50%: 9:17–10:54 · n=1519

Played most by

EpicTyrannus120games of this buildDamsko69games of this buildKbot_my_Ahole67games of this buildWaboum64games of this buildfanboi63games of this build